 Dungeon Crawl Stone Soup version 0.25.1-8-g42b30a86e7 (webtiles) character file.

Game seed: 13682850087904864597

99 JohnSpartan the Skirmisher (level 4, 0/40 HPs)
             Began as a Draconian Berserker on Dec 17, 2020.
             Was a Believer of Trog.
             Slain by Terence
             ... wielding a +0 trident
              (4 damage)
             ... on level 2 of the Dungeon.
             The game lasted 00:13:31 (2489 turns).

JohnSpartan the Skirmisher (Draconian Berserker)    Turns: 2489, Time: 00:13:31

Health: 0/40       AC:  5    Str: 20    XL:     4   Next: 45%
Magic:  4/4        EV: 13    Int:  7    God:    Trog [**....]
Gold:   47         SH:  0    Dex: 11    Spells: 3/3 levels left

rFire    . . .     SeeInvis .   a - +0 falchion
rCold    . . .     Gourm    .   (no shield)
rNeg     . . .     Faith    .   (armour unavailable)
rPois    .         Spirit   .   (helmet restricted)
rElec    .         Reflect  .   (no cloak)
rCorr    .         Harm     .   (no gloves)
MR       .....                  (no boots)
Stlth    ++........             (no amulet)
HPRegen  0.13/turn              (no ring)
MPRegen  0.09/turn              (no ring)

@: no status effects
A: unfitting armour, cold-blooded, AC +5
a: Berserk, Trog's Hand, Renounce Religion


You were on level 2 of the Dungeon.
You worshipped Trog.
Trog was pleased with you.
You were not hungry.

You visited 1 branch of the dungeon, and saw 4 of its levels.

You collected 47 gold pieces.

Inventory:

Hand Weapons
 a - a +0 falchion (weapon)
 d - a +0 club
 f - a +0 hunting sling
 j - a +0 hunting sling
Missiles
 h - 56 stones (quivered)
Jewellery
 g - an uncursed amulet of reflection {unknown}
Scrolls
 b - 2 scrolls of identify {unknown}
 e - 3 scrolls of teleportation {unknown}
 i - 2 scrolls of enchant weapon {unknown}
Comestibles
 c - 2 chunks of flesh


   Skills:
 + Level 4.0 Fighting
 - Level 3.5 Long Blades
 - Level 0.2 Maces & Flails
 + Level 0.0 Throwing
 + Level 3.4 Dodging
 * Level 1.8 Stealth
 - Level 0.1 Unarmed Combat


You had 3 spell levels left.
You didn't know any spells.
Your spell library was empty.

Dungeon Overview and Level Annotations

Branches:
Dungeon (4/15)
 Temple: D:4-7

Altars:
Yredelemnul

Annotations:
D:2 Terence


Innate Abilities, Weirdness & Mutations

Your plain brown scales are hard. (AC +5)
You cannot fit into any form of body armour.
You are cold-blooded and may be slowed by cold attacks.


Message History

You tail-slap Terence, but do no damage.
Terence is lightly wounded.
Terence barely misses you.
You riposte.
You hit Terence.
Terence is lightly wounded.
You hit Terence.
Terence is moderately wounded.
Terence hits you with a +0 trident!
You barely miss Terence.
You tail-slap Terence, but do no damage.
Terence is moderately wounded.
Terence hits you with a +0 trident.
* * * LOW HITPOINT WARNING * * *
Terence misses you.
You riposte.
You hit Terence but do no damage. You tail-slap Terence.
Terence is heavily wounded.
Terence barely misses you.
Terence hits you from afar with a +0 trident.
* * * LOW HITPOINT WARNING * * *
Terence hits you from afar with a +0 trident.
You die...

##...# #..# ########....#####.##
........#....รท...#
..####...#.....##
##........#####.### ##..##....##
#.... #......##.### ###..
#...#.##.##...# #...
...###@##.####.# ###.## .
#...##.# #.###...# #######@####.#
#.#...### ........# ##.#
#......###
.##########..####...##....
######### #.............########
........# #.#####.##############
........#########..##.....##.....
.............##...##.............


You could see Terence.

Vanquished Creatures
  4 adders
  An ooze (D:1)
  A worm (D:2)
  A dart slug (D:1)
  2 orcs (D:3)
  4 bats (D:1)
  3 giant cockroaches (D:2)
  2 gnoll zombies (D:2)
  6 goblins
  4 hobgoblins
  8 jackals
  2 frilled lizards
  9 kobolds
  2 rats (D:2)
  2 plants (D:1)
51 creatures vanquished.

Notes
Turn   | Place    | Note
-------+----------+-------------------------------------------
     0 | D:1      | JohnSpartan the Draconian Berserker began the quest for the
                  | Orb.
     0 | D:1      | Reached XP level 1. HP: 19/19 MP: 1/1
    76 | D:1      | Reached XP level 2. HP: 2/26 MP: 2/2
   719 | D:1      | Reached skill level 1 in Stealth
  1451 | D:2      | Reached XP level 3. HP: 33/33 MP: 3/3
  1484 | D:2      | Reached ** piety under Trog
  1495 | D:2      | You fall into a shaft and drop 2 floors!
  1887 | D:2      | Reached skill level 4 in Fighting
  1887 | D:2      | Reached XP level 4. HP: 30/40 MP: 4/4
  2435 | D:2      | Found a basalt altar of Yredelemnul.
  2474 | D:2      | Noticed Terence
  2489 | D:2      | Slain by Terence

Illustrated notes

Levels and vault maps discovered:
D:1:      wander_arrival_fairy_ring, layout_basic
D:2:      layout_rooms, lemuel_zombie_altar_yredelemnul, uniq_terence
D:3:      layout_rooms, nicolae_qazlal_eye_of_the_storm, uniq_sigmund,
          uniq_crazy_yiuf_cottage, uniq_grinder
D:4:      layout_layer_cave, elyvilon_altar_4, led_xom_imps

Skill      XL: |  1  2  3 |
---------------+----------+-----
Dodging        | 3 |  3.4
Stealth        | 1 |  1.8
Fighting       | 4 |  4.0
Long Blades    | |  3.5
Maces & Flails | |  0.2
Unarmed Combat | |  0.1

Action                   |  1- 3 |  4- 6 || total
-------------------------+-------+-------++-------
Melee: Falchion          |   179 |    44 ||   223
       Tailslap          |    33 |    10 ||    43
Throw: Stone             |       |     3 ||     3
  Use: Potion            |     1 |       ||     1
  Eat: Chunk             |     2 |       ||     2
       Ration            |     1 |       ||     1
Armor: Skin              |    44 |    16 ||    60
Dodge: Dodged            |    92 |    48 ||   140
       Rpst.: Falchion   |    30 |    16 ||    46
